 Dungeon Crawl Stone Soup version 0.18.1-48-g4cf74bf (webtiles) character file.

2907 rjaguar3 the Digger (level 9, -6/52 HPs)
             Began as a Gargoyle Earth Elementalist on Sept 6, 2016.
             Was a Believer of Vehumet.
             Splashed by Pikel's acid (11 damage)
             ... on level 8 of the Dungeon.
             The game lasted 00:51:27 (12710 turns).

rjaguar3 the Digger (Gargoyle Earth Elementalist)  Turns: 12710, Time: 00:51:28

Health: -6/52      AC:  6    Str: 13    XL:     9   Next: 78%
Magic:  0/19       EV: 12    Int: 18    God:    Vehumet [**....]
Gold:   395        SH:  0    Dex: 10    Spells: 3 memorised, 13 levels left

rFire  . . .     SeeInvis .     D - +0 great mace
rCold  . . .     Gourm    .     a - +0 robe
rNeg   + . .     Faith    .     (shield currently unavailable)
rPois  ∞         Spirit   .     B - +1 helmet
rElec  +         Dismiss  .     (no cloak)
rCorr  .         Reflect  .     (no gloves)
SustAt .         Harm     .     (no boots)
MR     +....                    (no amulet)
Stlth  ++........               i - ring of protection from magic
                                P - +3 ring of slaying

@: corroded, very slightly contaminated, somewhat resistant to hostile
enchantments, unstealthy
A: negative energy resistance 1, electricity resistance, unbreathing,
petrification resistance, rot immunity, AC +5
a: Renounce Religion


You were on level 8 of the Dungeon.
You worshipped Vehumet.
Vehumet was pleased with you.
You were not hungry.

You visited 2 branches of the dungeon, and saw 10 of its levels.

You collected 395 gold pieces.

Inventory:

Hand Weapons
 D - a +0 great mace (weapon)
Missiles
 b - 218 stones (quivered)
Armour
 a - a +0 robe (worn)
 f - a +0 buckler
 B - a +1 helmet (worn)
Jewellery
 i - a ring of protection from magic (right hand)
 q - a +3 ring of strength
 s - an uncursed amulet of faith
 P - a +3 ring of slaying (left hand)
Wands
 I - a wand of confusion (20/48)
 J - a wand of acid (5/15)
 O - a wand of lightning (2/15)
 R - a wand of digging (18/24)
 V - a wand of paralysis (12/24)
Scrolls
 e - a scroll of remove curse
 k - a scroll of magic mapping
 m - 2 scrolls of enchant armour
 o - a scroll of teleportation
 p - a scroll of immolation {unknown}
 t - 2 scrolls of noise
 w - 2 scrolls of amnesia {unknown}
 x - 2 scrolls of blinking
 E - a scroll of enchant weapon {unknown}
 G - a scroll of silence {unknown}
 L - a scroll of fear {unknown}
 M - 2 scrolls of recharging {unknown}
 T - a scroll of fog {unknown}
Potions
 g - 2 potions of berserk rage
 l - 4 potions of curing
 u - 2 potions of invisibility
 v - 2 potions of brilliance
 z - a potion of might
 A - 3 potions of lignification
 C - a potion of flight
 H - a potion of beneficial mutation
 N - a potion of haste {unknown}
 S - a potion of magic
 U - a potion of cure mutation
Books
 c - a book of Geomancy

   Spells                             Type                      Level
   a - Sandblast                      Earth                        1
   b - Passwall                       Transmutation/Earth          2
   c - Stone Arrow                    Conjuration/Earth            3
   d - Petrify                        Transmutation/Earth          4
   e - Lee's Rapid Deconstruction     Earth                        5
 y - a book of Minor Magic

   Spells                             Type                      Level
   a - Magic Dart                     Conjuration                  1
   b - Blink                          Translocation                2
   c - Call Imp                       Summoning                    2
   d - Repel Missiles                 Charms/Air                   2
   e - Slow                           Hexes                        2
   f - Conjure Flame                  Conjuration/Fire             3
   g - Mephitic Cloud                 Conjuration/Poison/Air       3
Comestibles
 d - 6 bread rations
 h - a beef jerky
 r - 3 fruits
 F - a royal jelly
 K - a slice of pizza
 Q - a meat ration


   Skills:
 + Level 3.7 Fighting
 + Level 3.4 Maces & Flails
 + Level 3.1 Armour
 + Level 3.0 Dodging
 - Level 2.1 Stealth
 * Level 7.3 Spellcasting
 + Level 6.0 Conjurations
   Level 0.7 Transmutations
 + Level 7.4 Earth Magic
 + Level 2.0 Evocations


You had 13 spell levels left.
You knew the following spells:

 Your Spells              Type           Power        Failure   Level  Hunger
a - Sandblast             Erth           ####..       1%          1    None
b - Stone Arrow           Conj/Erth      ####..       1%          3    #......
c - Lee's Rapid Deconstr  Erth           ####......   17%         5    #####..


Dungeon Overview and Level Annotations

Branches:
Dungeon (9/15)             Temple (1/1) D:5
   Lair: D:8-11         Orc: D:9-12

Altars:
Ashenzari
Cheibriados
Dithmenos
Elyvilon
Fedhas
Gozag
Kikubaaqudgha
Makhleb
Nemelex Xobeh
Okawaru
Pakellas
Qazlal
Ru
Sif Muna
Trog
Vehumet
Xom
Yredelemnul
Zin
The Shining One

Shops:
D:4 *   D:8 (

Annotations:
D:7 exclusion: downstairs
D:8 Pikel


Innate Abilities, Weirdness & Mutations

You are resistant to torment.
Your stone body is resilient (AC +5).
You are immune to poison.
You resist negative energy.
You are resistant to electric shocks.
You can survive without breathing.
You are immune to petrification.
You are immune to rotting.


Message History

The stone arrow hits Pikel.
Pikel is heavily wounded.
Pikel zaps a wand.
The bolt of acid hits you!
The acid burns!
Casting: Stone Arrow
Confirm with . or Enter, or press ? or * to list all spells.
Aiming: Stone Arrow
Press: ? - help, Shift-Dir - straight line, f/p - Pikel
Aim: Pikel, wielding a whip of freezing, wearing a robe and carrying a wand of acid {zapped: 2} (heavily wounded)
You miscast Stone Arrow.
You are very lightly contaminated with residual magic.
Wisps of smoke drift from your hands.
Pikel zaps a wand.
The bolt of acid hits you!
* * * LOW HITPOINT WARNING * * *
The acid burns!
* * * LOW HITPOINT WARNING * * *
Drink which item? (? for menu, Esc to quit)
You feel much better.
Pikel zaps a wand.
The bolt of acid hits you!
* * * LOW HITPOINT WARNING * * *
The acid corrodes you!
The acid burns!
You die...

#####.####.......###.# #.#
#....................# #.#
####.###>####........#### #..
#...........#........# ###
#.##.................#
#.##)###.##.#.######.#
#.##.###.##.#.## #.#
#.##.#...#.....#####.#
#.##.........<..@Kp.[#
#.##.....#.....#####.#
#.##..#.###.#.## #.#
#.##..#.###.#.# #.####
#.............# #.K..#
#...........#.# ####.#
#.#.....#####.#########.######
#.#...#.# #...........p.....#
#.#.....####..########.......####


You could see Pikel and a slave.

Vanquished Creatures
  Prince Ribbit (D:8)
  2 phantoms (D:5)
  A sky beast (D:9)
  An eye of draining (D:9)
  An orc warrior (D:8)
  3 slaves (D:8)
  5 ogres
  A centaur (D:7)
  A big kobold (D:9)
  3 giant frogs
  A wyvern skeleton (D:9)
  A scorpion (D:7)
  2 howler monkeys
  An electric eel (D:9)
  3 crimson imps
  6 jellies
  A quasit (D:8)
  A giant frog zombie (D:8)
  5 hounds
  3 orc priests (D:8)
  A centaur skeleton (D:4)
  4 orc wizards
  2 iguanas (D:9)
  6 worker ants
  A hound zombie (D:5)
  A hound skeleton (D:8)
  2 worker ant zombies
  10 adders
  10 gnolls
  A shadow imp (D:9)
  An ooze (D:1)
  An adder skeleton (D:4)
  An adder zombie (D:5)
  A dart slug (D:1)
  7 giant geckos
  14 orcs
  2 ball pythons
  10 bats
  3 giant cockroaches (D:3)
  6 goblins
  12 hobgoblins
  12 jackals
  11 kobolds
  2 quokkas
  6 giant newts
  A quokka skeleton (D:6)
  8 rats
179 creatures vanquished.

Notes
Turn   | Place    | Note
--------------------------------------------------------------
     0 | D:1      | rjaguar3 the Gargoyle Earth Elementalist began the quest for the Orb.
     0 | D:1      | Reached XP level 1. HP: 10/10 MP: 3/3
   161 | D:1      | Reached XP level 2. HP: 11/15 MP: 0/5
  1049 | D:1      | Reached XP level 3. HP: 19/19 MP: 4/7
  1609 | D:2      | Learned a level 3 spell: Stone Arrow
  1613 | D:2      | Found a shattered altar of Ashenzari.
  2157 | D:2      | Reached XP level 4. HP: 8/24 MP: 0/9
  2715 | D:3      | Reached skill level 1 in Conjurations
  3629 | D:3      | Reached XP level 5. HP: 17/28 MP: 0/10
  3880 | D:3      | Found an ancient bone altar of Kikubaaqudgha.
  4320 | D:3      | Found a shimmering altar of Xom.
  4429 | D:3      | Found a glowing golden altar of the Shining One.
  4538 | D:4      | Noticed an ogre
  4679 | D:4      | Found Yvytezubb's Assorted Antiques.
  4963 | D:4      | Found a radiant altar of Vehumet.
  4971 | D:4      | Became a worshipper of Vehumet
  5057 | D:4      | Found a sparkling altar of Nemelex Xobeh.
  5071 | D:4      | Found an iron altar of Okawaru.
  5120 | D:4      | Reached XP level 6. HP: 28/32 MP: 12/12
  5187 | D:4      | Reached skill level 5 in Earth Magic
  5260 | D:3      | Learned a level 5 spell: Lee's Rapid Deconstruction
  5864 | D:4      | Reached skill level 5 in Spellcasting
  5864 | D:4      | Reached XP level 7. HP: 36/36 MP: 4/14
  6016 | D:4      | Found a snail-covered altar of Cheibriados.
  6188 | D:5      | Entered Level 5 of the Dungeon
  7219 | D:5      | Reached skill level 1 in Maces & Flails
  7315 | D:5      | Reached XP level 8. HP: 42/42 MP: 6/16
  7437 | D:5      | Reached skill level 1 in Armour
  7547 | D:5      | Reached skill level 1 in Fighting
  7958 | D:5      | Found a staircase to the Ecumenical Temple.
  7967 | Temple   | Entered the Ecumenical Temple
  8490 | D:5      | Reached * piety under Vehumet
  8490 | D:5      | Offered knowledge of Flame Tongue by Vehumet.
  8721 | D:6      | Found an opulent altar of Gozag.
  8722 | D:6      | Found a glowing silver altar of Zin.
  8914 | D:6      | Reached skill level 5 in Conjurations
  9639 | D:7      | Reached XP level 9. HP: 34/49 MP: 8/18
  9779 | D:7      | Noticed Prince Ribbit
  9902 | D:8      | Noticed Pikel
 10350 | D:8      | Reached skill level 1 in Evocations
 10842 | D:8      | Found Bicwied's Weapon Emporium.
 11030 | D:9      | Offered knowledge of Throw Flame by Vehumet.
 11073 | D:9      | Found a blossoming altar of Fedhas.
 11090 | D:9      | Found a bloodstained altar of Trog.
 11093 | D:9      | Found a sacrificial altar of Ru.
 11141 | D:9      | Reached ** piety under Vehumet
 11301 | D:9      | Found a shadowy altar of Dithmenos.
 12011 | D:8      | Killed Prince Ribbit
 12211 | D:9      | Noticed a troll
 12222 | D:9      | Found a white marble altar of Elyvilon.
 12227 | D:9      | Found a burning altar of Makhleb.
 12709 | D:8      | HP: 2/52 [acid (10)]
 12710 | D:8      | Splashed by Pikel's acid

Skill      XL: |  1  2  3  4  5  6  7  8  9 |
---------------+----------------------------+-----
Earth Magic    | 4 5 6 7 |  7.4
Spellcasting   | 3 4 5 6 7 |  7.3
Conjurations   | 1 2 3 4 5 6 |  6.0
Maces & Flails | 1 2 3 |  3.4
Armour         | 2 3 |  3.1
Fighting       | 2 3 |  3.7
Dodging        | 2 3 |  3.0
Evocations     | 2 |  2.0
Stealth        | |  2.1
Transmutations | |  0.7

Action                   |  1- 3 |  4- 6 |  7- 9 || total
-------------------------+-------+-------+-------++-------
Melee: Club              |    64 |   170 |       ||   234
       Mace              |       |       |    21 ||    21
       Great mace        |       |       |   105 ||   105
 Cast: Sandblast         |    43 |    37 |    11 ||    91
       Stone Arrow       |     3 |    30 |   143 ||   176
       Lee's Rapid Decon |       |       |    13 ||    13
Evoke: Wand              |       |       |     2 ||     2
  Use: Scroll            |       |     7 |    10 ||    17
       Potion            |       |       |     1 ||     1
 Stab: Sleeping          |     1 |       |     1 ||     2
       Distracted        |       |       |     1 ||     1
  Eat: Chunk             |     4 |    11 |    31 ||    46
       Bread ration      |       |     1 |       ||     1
       Beef jerky        |       |       |     1 ||     1
Armor: Robe              |    35 |    74 |    60 ||   169
Dodge: Dodged            |    66 |   162 |   162 ||   390
